 Dungeon Crawl Stone Soup version 0.30.0-30-g96aa6591b8 (webtiles) character file.

Game seed: 505583398710603405

443 Sabo the Chopper (level 6, 0/49 HPs)
             Began as a Demonspawn Monk on June 29, 2023.
             Was a Believer of Makhleb.
             Succumbed to a gnoll's poison
             ... on level 3 of the Dungeon.
             The game lasted 00:26:37 (5006 turns).

Sabo the Chopper (Demonspawn Monk)                  Turns: 5006, Time: 00:26:38

Health: 0/49       AC: 30    Str: 13    XL:     6   Next: 71%
Magic:  6/6        EV:  4    Int: 12    God:    Makhleb [**....]
Gold:   261        SH:  4    Dex: 15    Spells: 5/5 levels left

rFire   . . .        a - +0 hand axe
rCold   + . .        d - orb {light}
rNeg    . . .        x - +15 Maxwell's patent armour {-Cast -Tele rElec Will+ rCorr}
rPois   .            e - +0 helmet
rElec   +            (no cloak)
rCorr   +            m - +2 pair of gloves
SInv    .            j - +0 pair of boots
Will    +....        (no amulet) Stlth
                     h - ring of protection from cold
HPRegen 0.28/turn    (no ring)
MPRegen 0.10/turn

%: no teleportation, no spellcasting
@: lethally poisoned (0 -> -44), glowing
A: large bone plates 1, spiny 1, weakness stinger 2
a: Renounce Religion, Minor Destruction


You were on level 3 of the Dungeon.
You worshipped Makhleb.
Makhleb was pleased with you.
You visited 1 branch of the dungeon, and saw 4 of its levels.

You collected 261 gold pieces.

Inventory:

Hand Weapons
 a - a +0 hand axe (weapon)
 C - a +1 halberd of venom
Missiles
 n - 4 boomerangs (quivered)
 o - 10 poisoned darts
 w - 2 throwing nets
Armour
 d - an orb of light (worn)
 e - a +0 helmet (worn)
 j - a +0 pair of boots (worn)
 m - a +2 pair of gloves (worn)
 x - the +15 Maxwell's patent armour (worn) {-Cast -Tele rElec Will+ rCorr}
   (You found it on level 4 of the Dungeon)

   rElec:     It insulates you from electricity.
   -Cast:     It prevents spellcasting.
   -Tele:     It prevents most forms of teleportation.
   rCorr:     It protects you from acid and corrosion.
   Will:      It increases your willpower.
Jewellery
 h - a ring of protection from cold (left hand)
 l - a ring of protection from cold
 t - a ring of ice
Wands
 B - a wand of acid (8)
Scrolls
 q - 2 scrolls of blinking
 r - 2 scrolls of enchant weapon
 s - 2 scrolls of silence
 y - a scroll of vulnerability {unknown}
 A - a scroll of immolation {unknown}
Potions
 b - 2 potions of flight
 f - a potion of heal wounds {unknown}
 i - a potion of invisibility {unknown}
 k - a potion of lignification {unknown}
 p - a potion of mutation {unknown}
 u - a potion of brilliance {unknown}
 v - a potion of attraction {unknown}
 z - 2 potions of magic


   Skills:
 + Level 4.4 Fighting
 + Level 5.0 Axes
 + Level 1.5 Armour
 + Level 3.7 Dodging
 + Level 1.0 Stealth
 + Level 0.9 Shields


You had 5 spell levels left.
You didn't know any spells.
Your spell library contained the following spells:

 Spells                   Type           Power      Damage    Failure   Level
 Vhi's Electric Charge    Tloc/Air       0%         N/A       100%        3
 Arcjolt                  Conj/Air       0%         1d10      100%        5
 Plasma Beam              Fire/Air       0%         2x1d11    100%        6


Dungeon Overview and Level Annotations

Branches:
Dungeon (4/15)
 Temple: D:4-7

Altars:
Cheibriados
Makhleb

Annotations:
D:3 1 transporter, nogood's ghost, amateur DsFE


Innate Abilities, Weirdness & Mutations

You are partially covered in large bone plates. (SH +4)
You are partially covered in sharp spines.
You have a tail ending in a sharp stinger.


Message History

Nogood's ghost hits you but does no damage.
You are more poisoned.
The gnoll barely misses you.
You feel better.
Nogood's ghost hits you but does no damage.
You are poisoned.
The gnoll barely misses you.
You feel better.
Nogood's ghost hits you but does no damage.
You are poisoned.
The gnoll hits you but does no damage.
You are more poisoned.
It was a potion of magic.
Magic courses through your body.
You feel very sick. You block nogood's ghost's attack.
You block the gnoll's attack.
You are confused.
You feel invigorated.
You feel very sick.
Nogood's ghost hits you but does no damage.
You are lethally poisoned!
The gnoll hits you but does no damage.
You are more poisoned.
You barely miss nogood's ghost.
You tail-slap nogood's ghost, but do no damage.
Nogood's ghost is lightly damaged.
You feel extremely sick. Nogood's ghost hits you.
You are more poisoned.
The gnoll hits you but does no damage.
You are more poisoned.
You bump into the stone wall.
You feel less invigorated.
You feel less confused.
* * * LOW HITPOINT WARNING * * *
You feel extremely sick.
Nogood's ghost hits you but does no damage.
The gnoll hits you but does no damage.
You are more poisoned.
You hit nogood's ghost but do no damage.
Nogood's ghost is lightly damaged.
You die...

.....≈≈≈≈≈≈≈≈≈≈≈≈~≈≈≈≈≈≈≈≈≈≈≈≈..#
.....≈≈≈≈≈≈≈≈≈≈≈≈~≈≈≈≈≈≈≈≈≈≈≈≈..#
.....≈≈#####...........#####≈≈..#
'###.≈≈#.#.#.###.©.###.#.#.#≈≈..#
.....≈≈#...###©#####.###...#≈≈..#
.....≈≈###...............###≈≈..#
.....≈≈.8#.######'######.#8.≈≈..#
.....≈≈.##.#.⌠.#))8#...#.##.≈≈..#
.....~~.#..'..gW@©⌠#:..'..#.~~..#
###'.≈≈.##.#.⌠.#))8#...#.##.≈≈..#
###..≈≈.8#.######'######.#8.≈≈..#
..#..≈≈###...........g...###≈≈.##
#.#..≈≈#...###.#####.###.gg#≈≈.#
.....≈≈#)#.#.###.©.###.#.#g#≈≈.#
#.##.≈≈#####...........#####≈≈.#
.....≈≈≈≈≈≈≈≈≈≈≈...≈≈≈≈≈≈≈≈≈≈≈.#
...#.≈≈≈≈≈≈≈≈≈≈≈...≈≈≈≈≈≈≈≈≈≈≈.#


You could see nogood's ghost and a gnoll.

Vanquished Creatures
  2 jellies (D:4)
  A hound (D:4)
  A sleepcap (D:4)
  3 orc wizards
  10 gnolls
  An adder (D:2)
  2 worms (D:2)
  2 dart slugs
  13 orcs
  18 endoplasms
  2 giant cockroaches
  4 goblins
  8 hobgoblins
  9 jackals
  5 quokkas
  8 ball pythons
  6 bats
  6 frilled lizards
  15 kobolds
  10 rats
126 creatures vanquished.

Notes
Turn   | Place    | Note
-------+----------+-------------------------------------------
     0 | D:1      | Sabo the Demonspawn Monk began the quest for the Orb.
     0 | D:1      | Reached XP level 1. HP: 18/18 MP: 1/1
   177 | D:1      | Gained mutation: You are partially covered in large bone
                  | plates. (SH +4) [demonic ancestry]
   177 | D:1      | Reached XP level 2. HP: 23/24 MP: 2/2
   522 | D:1      | Reached skill level 3 in Axes
  1015 | D:2      | Gained mutation: You have a small tail. [demonic ancestry]
  1015 | D:2      | Reached XP level 3. HP: 29/29 MP: 3/3
  1793 | D:2      | Gained mutation: You have a tail ending in a sharp stinger.
                  | [demonic ancestry]
  1793 | D:2      | Reached XP level 4. HP: 33/35 MP: 4/4
  2379 | D:3      | Found a transporter.
  2690 | D:3      | Found a transporter.
  2916 | D:3      | Reached skill level 4 in Axes
  2916 | D:3      | Reached XP level 5. HP: 42/42 MP: 5/5
  2973 | D:3      | Noticed nogood's ghost (amateur DsFE)
  3436 | D:4      | Reached skill level 1 in Stealth
  3595 | D:4      | Reached skill level 1 in Armour
  3739 | D:4      | Gained mutation: You are partially covered in sharp spines.
                  | [demonic ancestry]
  3739 | D:4      | Reached XP level 6. HP: 48/48 MP: 6/6
  4072 | D:4      | Found the +15 Maxwell's patent armour {-Cast -Tele rElec
                  | Will+ rCorr}
  4152 | D:4      | Found a snail-covered altar of Cheibriados.
  4152 | D:4      | Found a burning altar of Makhleb.
  4793 | D:4      | Became a worshipper of Makhleb the Destroyer
  4793 | D:4      | Reached * piety under Makhleb
  4793 | D:4      | Reached ** piety under Makhleb
  4978 | D:3      | Reached skill level 5 in Axes
  5006 | D:3      | Succumbed to a gnoll's poison

Illustrated notes

Levels and vault maps discovered:
D:1:      spicycebolla_arrival_ecumenical, layout_basic, minmay_hexomino_p4
D:2:      layout_loops_corners, chequers_serial_rivers_micro_c
D:3:      layout_basic, gammafunk_ghost_gnarly_gnolls, minmay_three_crescents
D:4:      cheibrodos_fertilizer, layout_basic, elyvilon_altar_3,
          gammafunk_temple_overflow_pools, nicolae_elevator_lobby_plus

Skill      XL: |  1  2  3  4  5  6 |
---------------+-------------------+-----
Dodging        | 3 |  3.7
Axes           | 3 4 5 |  5.0
Stealth        | 1 |  1.0
Fighting       | 4 |  4.4
Armour         | 1 |  1.5
Shields        | |  0.9

Action                     |  1- 3 |  4- 6 || total
---------------------------+-------+-------++-------
  Melee: Hand axe          |   123 |   192 ||   315
         Tailslap          |    12 |    32 ||    44
    Use: Scroll            |       |     8 ||     8
         Potion            |       |     4 ||     4
 Armour: Robe              |    24 |       ||    24
         Scale mail        |       |    26 ||    26
         Chain mail        |       |    75 ||    75
         Plate armour      |       |    41 ||    41
  Dodge: Dodged            |    86 |    80 ||   166
  Block: Orb               |    18 |    41 ||    59
